Construct Infanterie Kompanie
Construct Luftwaffe Kompanie
Flak 30 Anti-aircraft Gun Team
Selects Italian Coastal Battlegroup
Selects Artillery Officer
Construct Panzer Kompanie
Selects Obice da 210/22 Artillery Emplacement
Selects Designated Artillery Overwatch
Designated Artillery Overwatch
Designated Artillery Overwatch
Designated Artillery Overwatch
Designated Artillery Overwatch
Designated Artillery Overwatch
Marder III M Tank Destroyer
Marder III M Tank Destroyer
Designated Artillery Overwatch
Marder III M Tank Destroyer
Luftwaffe Officer Quarters
Designated Artillery Overwatch